 Dungeon Crawl Stone Soup version 0.17.1-3-g152610e (webtiles) character file.

8108 Glider the Cruncher (level 11, -4/63 HPs)
             Began as a Gargoyle Ice Elementalist on Mar 4, 2016.
             Was a High Priest of Okawaru.
             Slain by a minotaur (9 damage)
             ... in a labyrinth on Mar 5, 2016.
             The game lasted 01:08:50 (11918 turns).

Glider the Cruncher (Gargoyle Ice Elementalist)    Turns: 11918, Time: 01:08:50

Health: -4/63      AC: 15    Str: 12    XL:     11   Next: 25%
Magic:  12/14      EV: 14    Int: 19    God:    Okawaru [*****.]
Gold:   625        SH:  0    Dex: 10    Spells: 4 memorised, 4 levels left

rFire  + . .     SeeInvis .     T - +1 quarterstaff (drain)
rCold  . . .     Clarity  .     v - +2 leather armour {rF+}
rNeg   + . .     SustAt   +     (shield currently unavailable)
rPois  ∞         Gourm    .     (no helmet)
rElec  +         Spirit   .     (no cloak)
rCorr  .         Warding  .     (no gloves)
rMut   .         Stasis   .     J - +1 pair of boots
MR     .....                    O - amulet of faith
Stlth  +++++.....               x - ring of sustain attributes
                                G - +5 ring of slaying

@: heroism, very slightly contaminated, invisible, not resistant to hostile
enchantments, quite stealthy
A: negative energy resistance 1, electricity resistance, unbreathing,
petrification resistance, rot immunity, AC +7
a: Heroism, Finesse, Renounce Religion


You were in a labyrinth.
You worshipped Okawaru.
Okawaru was extremely pleased with you.
You were not hungry.

You visited 2 branches of the dungeon, and saw 12 of its levels.
You also visited: Labyrinth.

You collected 625 gold pieces.

Inventory:

Hand Weapons
 T - a +1 quarterstaff of draining (weapon)
Missiles
 r - 233 stones (quivered)
Armour
 e - a +0 buckler of positive energy
 f - a +0 shield
 u - a +1 robe of fire resistance
 v - a +2 leather armour of fire resistance (worn)
 E - a +0 buckler
 J - a +1 pair of boots (worn)
Jewellery
 l - an uncursed ring of flight
 x - a ring of sustain attributes (right hand)
 G - a +5 ring of slaying (left hand)
 O - an amulet of faith (around neck)
Wands
 y - a wand of cold (10)
 D - a wand of draining (5)
 M - a wand of invisibility (8)
 R - a wand of magic darts (26)
Scrolls
 a - a scroll of identify
 h - 2 scrolls of remove curse
 n - a scroll of immolation
 s - a scroll of enchant armour
 t - 2 scrolls of amnesia
 z - 2 scrolls of teleportation
Potions
 d - 3 potions of flight {unknown}
 g - a potion of degeneration {unknown}
 j - 2 potions of might {unknown}
 k - 2 potions of brilliance
 o - a potion of mutation {unknown}
 p - 3 potions of curing
 q - 2 potions of heal wounds {unknown}
 w - a potion of lignification
 I - a potion of haste
 K - a potion of ambrosia {unknown}
 L - a potion of agility {unknown}
 N - 2 potions of cancellation {unknown}
Books
 b - a book of Frost

   Spells                             Type                      Level
   a - Freeze                         Ice                          1
   b - Throw Frost                    Conjuration/Ice              2
   c - Ozocubu's Armour               Charms/Ice                   3
   d - Throw Icicle                   Conjuration/Ice              4
   e - Summon Ice Beast               Ice/Summoning                4
   f - Condensation Shield            Ice                          4
 B - a book of Envenomations

   Spells                             Type                      Level
   a - Spider Form                    Transmutation/Poison         3
   b - Alistair's Intoxication        Transmutation/Poison         4
   c - Olgreb's Toxic Radiance        Poison                       4
   d - Poisonous Cloud                Conjuration/Poison/Air       6
Comestibles
 c - 9 bread rations
 m - 4 beef jerkies
 F - 9 slices of pizza
 Q - a meat ration
 S - 3 fruits


   Skills:
 - Level 5.0(10.0) Fighting
 * Level 11.2(16.2) Staves
 - Level 3.0(8.0) Dodging
 - Level 7.0(12.0) Stealth
 - Level 2.0 Spellcasting
 - Level 5.0 Conjurations
 + Level 5.0 Charms
 - Level 7.0 Ice Magic
 - Level 3.0 Invocations


You had 4 spell levels left.
You knew the following spells:

 Your Spells              Type           Power        Failure   Level  Hunger
a - Freeze                Ice            ####         1%          1    #......
b - Throw Frost           Conj/Ice       ###...       2%          2    ###....
c - Ozocubu's Armour      Chrm/Ice       ###.....     6%          3    ###....
d - Throw Icicle          Conj/Ice       ###.....     17%         4    #####..


Dungeon Overview and Level Annotations

Branches:
Dungeon (11/15)            Temple (1/1) D:5
   Lair: D:8-11         Orc: D:9-12

Altars:
Ashenzari
Cheibriados
Dithmenos
Elyvilon
Fedhas
Gozag
Kikubaaqudgha
Makhleb
Nemelex Xobeh
Okawaru
Qazlal
Ru
Sif Muna
Trog
Vehumet
Xom
Yredelemnul
Zin
The Shining One

Shops:
D:3 *

Annotations:
D:8 subsebi's ghost, novice DsCK
D:10 exclusion: obsidian statue


Innate Abilities, Weirdness & Mutations

You are resistant to torment.
Your stone body is resilient (AC +7).
You are immune to poison.
You resist negative energy.
You are resistant to electric shocks.
You can survive without breathing.
You are immune to petrification.
You are immune to rotting.


Message History

Read which item? (? for menu, Esc to quit)
Identify which item? (\ to view known items) (? for menu, Esc to quit)
As you read the scroll of identify, it crumbles to dust.
M - a wand of invisibility (9) Evoke which item? (* to show all) (? for menu, Esc to quit)
Zapping:
M - a wand of invisibility (9)
Press: ? - help, Shift-Dir - straight line, f - you You fade into invisibility!
You are very lightly contaminated with residual magic.
This wand has 8 charges left.
You barely miss the minotaur. The minotaur hits you!
The minotaur gores you but does no damage.
You hit the minotaur.
The minotaur is lightly wounded.
The minotaur hits you!! The minotaur closely misses you.
You gain the combat prowess of a mighty hero.
You feel slightly more hungry. The minotaur hits you!!
* * * LOW HITPOINT WARNING * * *
The minotaur gores you!
You die...

▓▓.#######
.<.....@.#
▓▓.###H#.#######
...#.......#
###.#.###.#.# #
# ..#.#...#... #
##### # .#.# . #
#.. # .#.# #.
##.# #.# # # .
...# .# ..


You could see a minotaur.

Vanquished Creatures
  The ghost of subsebi the Basher, a novice DsCK of Xom (D:9)
  A hill giant (D:11)
  A manticore (D:11)
  A cyclops (D:11)
  A two-headed ogre (D:9)
  A troll (D:7)
  A wyvern (D:9)
  A deep elf mage (D:10)
  4 yaks
  2 hippogriffs
  A hungry ghost (D:9)
  A basilisk (D:11)
  A deep elf fighter (D:9)
  A water moccasin (D:10)
  2 ice beasts
  A necrophage (D:8)
  An orc warrior (D:9)
  7 sky beasts
  2 phantoms
  3 centaurs
  4 ogres
  8 giant frogs
  3 scorpions
  9 killer bees
  7 wights
  5 crimson imps
  3 orc priests
  4 hounds
  2 centaur skeletons
  2 jellies
  A gnoll shaman (D:9)
  4 orc wizards
  3 giant frog skeletons
  3 worker ants
  Jessica (D:3)
  4 iguanas
  An iron imp (D:6)
  A killer bee zombie (D:9)
  3 sheep (D:11)
  3 worker ant zombies
  8 gnolls
  12 adders
  A shadow imp (D:7)
  An adder zombie (D:7)
  An ooze (D:2)
  2 worms
  6 giant geckos
  25 orcs
  4 ball pythons (D:1)
  3 giant cockroaches
  6 goblins
  10 hobgoblins
  7 bats
  8 giant newts
  12 jackals
  A jackal skeleton (D:7)
  9 kobolds
  4 quokkas
  2 quokka skeletons
  7 rats
234 creatures vanquished.

Notes
Turn   | Place    | Note
--------------------------------------------------------------
     0 | D:1      | Glider the Gargoyle Ice Elementalist began the quest for the Orb.
     0 | D:1      | Reached XP level 1. HP: 10/10 MP: 3/3
   414 | D:1      | Reached XP level 2. HP: 15/15 MP: 3/5
   495 | D:1      | Reached skill level 4 in Ice Magic
   876 | D:1      | Reached XP level 3. HP: 19/19 MP: 6/6
  1845 | D:2      | Found an iron altar of Okawaru.
  1853 | D:2      | Became a worshipper of Warmaster Okawaru
  1870 | D:2      | Reached XP level 4. HP: 24/24 MP: 7/7
  2374 | D:2      | Reached skill level 5 in Ice Magic
  2383 | D:2      | Learned a level 2 spell: Throw Frost
  2387 | D:2      | Learned a level 3 spell: Ozocubu's Armour
  2779 | D:3      | Found Zin's Purification Station.
  2782 | D:3      | Found a glowing silver altar of Zin.
  2813 | D:3      | Reached XP level 5. HP: 25/28 MP: 8/8
  3231 | D:3      | Reached skill level 1 in Charms
  3315 | D:3      | Noticed Jessica
  3320 | D:3      | Killed Jessica
  3797 | D:3      | Reached XP level 6. HP: 32/32 MP: 9/9
  3865 | D:3      | Reached skill level 6 in Ice Magic
  4015 | D:3      | Found a burning altar of Makhleb.
  4015 | D:3      | Noticed an Executioner
  4451 | D:4      | Reached * piety under Okawaru
  4561 | D:4      | Reached XP level 7. HP: 32/36 MP: 10/10
  4601 | D:4      | Learned a level 4 spell: Throw Icicle
  5232 | D:5      | Entered Level 5 of the Dungeon
  5513 | D:5      | Reached skill level 1 in Staves
  5513 | D:5      | Reached skill level 7 in Ice Magic
  5655 | D:5      | Found a staircase to the Ecumenical Temple.
  5681 | Temple   | Entered the Ecumenical Temple
  5851 | D:5      | Reached skill level 1 in Fighting
  6362 | D:6      | Noticed a hippogriff
  6461 | D:6      | Found a snail-covered altar of Cheibriados.
  6532 | D:6      | Reached XP level 8. HP: 32/43 MP: 11/11
  6611 | D:6      | Found a radiant altar of Vehumet.
  6628 | D:6      | Reached ** piety under Okawaru
  7171 | D:6      | Killed a hippogriff
  7171 | D:6      | Reached skill level 5 in Staves
  7950 | D:7      | Reached *** piety under Okawaru
  7950 | D:7      | Reached XP level 9. HP: 50/52 MP: 12/12
  8171 | D:7      | Noticed a troll
  8180 | D:7      | Killed a troll
  8566 | D:8      | Reached **** piety under Okawaru
  8566 | D:8      | Reached skill level 5 in Fighting
  8566 | D:8      | Reached skill level 5 in Conjurations
  8745 | D:8      | Reached skill level 1 in Invocations
  8884 | D:8      | Found a stormy altar of Qazlal.
  8933 | D:8      | Reached skill level 8 in Staves
  8933 | D:8      | Reached skill level 5 in Stealth
  8933 | D:8      | Reached XP level 10. HP: 59/59 MP: 13/13
  9037 | D:8      | Found a shimmering altar of Xom.
  9050 | D:8      | Noticed subsebi's ghost (novice DsCK)
  9351 | D:9      | Killed subsebi's ghost
  9351 | D:9      | Reached ***** piety under Okawaru
  9412 | D:9      | Found a sacrificial altar of Ru.
  9483 | D:9      | Reached skill level 9 in Staves
 10061 | D:9      | Found a glowing golden altar of the Shining One.
 10064 | D:9      | Found a basalt altar of Yredelemnul.
 10105 | D:9      | Received a gift from Okawaru
 10105 | D:9      | Reached skill level 10 in Staves
 10805 | D:9      | Noticed an angel
 10841 | D:10     | Entered Level 10 of the Dungeon
 10919 | D:10     | Reached XP level 11. HP: 63/63 MP: 14/14
 10940 | D:10     | Noticed an obsidian statue
 11004 | D:10     | You fall through a shaft!
 11058 | D:11     | Noticed a hill giant
 11065 | D:11     | Killed a hill giant
 11065 | D:11     | Received a gift from Okawaru
 11065 | D:11     | Reached skill level 11 in Staves
 11067 | D:11     | Found a shimmering altar of Xom.
 11367 | D:11     | Found a labyrinth entrance.
 11370 | D:11     | Reached skill level 5 in Charms
 11377 | Lab      | Entered a labyrinth
 11908 | Lab      | Noticed a minotaur
 11918 | Lab      | Slain by a minotaur

Action                   |  1- 3 |  4- 6 |  7- 9 | 10-12 || total
-------------------------+-------+-------+-------+-------++-------
Melee: Unarmed           |    20 |       |       |       ||    20
       Spear             |    60 |   182 |    10 |       ||   252
       Whip              |       |    15 |       |       ||    15
       Quarterstaff      |       |       |   435 |   313 ||   748
Throw: Stone             |       |    32 |     2 |     1 ||    35
 Cast: Freeze            |    20 |     9 |    14 |       ||    43
       Throw Frost       |       |     3 |    24 |    17 ||    44
       Ozocubu's Armour  |       |       |     3 |     3 ||     6
Invok: Heroism           |       |       |       |     5 ||     5
Evoke: Wand              |       |       |       |     1 ||     1
  Use: Scroll            |       |       |     8 |     6 ||    14
 Stab: Sleeping          |     3 |     4 |     7 |     8 ||    22
       Distracted        |       |       |       |     1 ||     1
  Eat: Chunk             |     2 |    10 |    12 |    12 ||    36
       Meat ration       |       |       |     1 |     1 ||     2
